General information
			
			
        
        - name: BNet
 
        - type: Ladder team game (AT/RT)
 
        - host: Battle.net
 
        - saver: ball_sweets
 
        
map: Dragonblight 
        - players: 6
 
        - length: 105:57
 
        - speed: Fast
 - version: 1.22 W3XP
 - replay type:  Public
 
» download(638 KB)
Players
        team 1 (winner) 
              
              
ball_sweets (
orange | 41 APM | 4306 actions | 105:57)
              
 8 Blademaster 
 3 Wind Walk
 3 Critical Strike
 1 Bladestorm
 1 Mirror Image
 
                » actions 
                
                | Assign group hotkey | 24 |  | 
| Basic commands | 74 |  | 
| Build / train | 78 |  | 
| ESC pressed | 4 |  | 
| Enter build submenu | 66 |  | 
| Enter hero's abilities submenu | 8 |  | 
| Give item / drop item | 10 |  | 
| Right click | 2338 |  | 
| Select / deselect | 588 |  | 
| Select group hotkey | 707 |  | 
| Use ability | 409 |  | 
                4306 total
 » units 
                
                | Peon | 18 |  | 
| Troll Batrider | 20 |  | 
| Demolisher | 2 |  | 
| Goblin Shredder | 1 |  | 
| Goblin Zeppelin | 1 |  | 
                42 total
 » upgrades
                
                | Liquid Fire | 1 |  | 
| Reinforced Defenses | 1 |  | 
| Ranged Weapons | 3 |  | 
| Troll Regeneration | 1 |  | 
| Burning Oil | 1 |  | 
| Armor | 1 |  | 
                8 total
 » buildings
                
                | Altar of Storms | 2 |  | 
| Orc Burrow | 12 |  | 
| War Mill | 2 |  | 
| Watch Tower | 32 |  | 
| Voodoo Lounge | 3 |  | 
| Stronghold | 4 |  | 
| Beastiary | 4 |  | 
| Fortress | 1 |  | 
| Barracks | 2 |  | 
| Great Hall | 1 |  | 
                63 total
 » build order
                00:07 Altar of Storms
00:17 Orc Burrow
00:29 War Mill
01:47 Watch Tower
01:54 Orc Burrow
02:20 Watch Tower
02:30 Voodoo Lounge
02:55 Watch Tower
03:51 Watch Tower
03:53 Watch Tower
04:26 Watch Tower
04:28 Watch Tower
05:33 Stronghold
05:33 Stronghold
05:33 Stronghold
06:08 Watch Tower
06:09 Watch Tower
06:59 Orc Burrow
07:00 Orc Burrow
07:28 Watch Tower
07:29 Watch Tower
07:56 Beastiary
07:57 Beastiary
07:59 Fortress
09:03 Watch Tower
09:09 Orc Burrow
09:30 Watch Tower
10:33 Voodoo Lounge
10:35 Watch Tower
11:57 Watch Tower
12:08 Watch Tower
12:24 Watch Tower
13:04 Watch Tower
13:18 Watch Tower
13:39 Watch Tower
14:26 Watch Tower
14:42 Barracks
16:33 Watch Tower
16:37 Watch Tower
18:22 Watch Tower
18:24 Watch Tower
18:27 Watch Tower
19:55 Watch Tower
19:55 Watch Tower
19:57 Watch Tower
21:02 Watch Tower
21:04 Watch Tower
21:06 Watch Tower
31:59 Barracks
44:48 War Mill
45:09 Altar of Storms
46:02 Orc Burrow
50:51 Orc Burrow
50:57 Orc Burrow
54:06 Great Hall
54:15 Orc Burrow
55:15 Orc Burrow
57:04 Stronghold
59:25 Beastiary
59:27 Beastiary
59:29 Orc Burrow
59:31 Orc Burrow
60:43 Voodoo Lounge
» items
                
                | Boots of Speed | 1 |  | 
| Staff of Teleportation | 1 |  | 
| Healing Salve | 2 |  | 
| Lesser Clarity Potion | 3 |  | 
| Orb of Lightning | 1 |  | 
| Scroll of Town Portal | 1 |  | 
| Potion of Mana | 1 |  | 
| Potion of Healing | 1 |  | 
| Potion of Lesser Invulnerability | 1 |  | 
                12 total
  
               
              
              
bia-bia-bia (
green | 38 APM | 3993 actions | 105:55)
              
 5 Archmage 
 3 Blizzard
 2 Brilliance Aura
 3 Mountain King 
 2 Storm Bolt
 1 Bash
 3 Blood Mage 
 2 Flame Strike
 1 Siphon Mana
 
                » actions 
                
                | Assign group hotkey | 27 |  | 
| Basic commands | 146 |  | 
| Build / train | 106 |  | 
| ESC pressed | 3 |  | 
| Enter build submenu | 73 |  | 
| Enter hero's abilities submenu | 11 |  | 
| Give item / drop item | 3 |  | 
| Right click | 2153 |  | 
| Select / deselect | 925 |  | 
| Select group hotkey | 232 |  | 
| Use ability | 314 |  | 
                3993 total
 » units 
                
                | Peasant | 22 |  | 
| Dragonhawk Rider | 6 |  | 
| Blue Dragon | 1 |  | 
                29 total
 » upgrades
                
                | Masonry | 3 |  | 
| Lumber Harvesting | 2 |  | 
| Swords | 2 |  | 
| Armor | 3 |  | 
| Cloud | 1 |  | 
| Animal War Training | 1 |  | 
| Magic Sentry | 1 |  | 
                13 total
 » buildings
                
                | Altar of Kings | 4 |  | 
| Lumber Mill | 3 |  | 
| Farm | 13 |  | 
| Scout Tower | 42 |  | 
| Guard Tower | 22 |  | 
| Keep | 2 |  | 
| Blacksmith | 1 |  | 
| Town Hall | 1 |  | 
| Castle | 1 |  | 
| Gryphon Aviary | 4 |  | 
| Arcane Vault | 2 |  | 
| Barracks | 1 |  | 
| Arcane Tower | 8 |  | 
| Arcane Sanctum | 1 |  | 
                105 total
 » build order
                00:08 Altar of Kings
00:25 Lumber Mill
00:38 Farm
00:53 Farm
01:56 Farm
02:10 Scout Tower
02:12 Scout Tower
02:40 Guard Tower
02:42 Scout Tower
02:44 Scout Tower
03:09 Guard Tower
03:14 Guard Tower
03:15 Scout Tower
03:18 Scout Tower
03:44 Guard Tower
03:46 Scout Tower
03:48 Guard Tower
03:53 Scout Tower
04:26 Guard Tower
04:29 Scout Tower
04:31 Scout Tower
04:35 Keep
04:57 Guard Tower
05:20 Scout Tower
05:36 Blacksmith
05:41 Farm
05:57 Guard Tower
06:18 Town Hall
09:03 Castle
09:05 Gryphon Aviary
09:07 Gryphon Aviary
09:25 Scout Tower
09:28 Scout Tower
09:55 Guard Tower
09:57 Scout Tower
09:58 Scout Tower
10:00 Scout Tower
10:02 Guard Tower
10:14 Scout Tower
10:15 Scout Tower
10:31 Guard Tower
10:54 Guard Tower
11:00 Arcane Vault
11:11 Scout Tower
11:36 Farm
11:42 Guard Tower
12:18 Scout Tower
12:47 Guard Tower
13:03 Barracks
14:33 Arcane Vault
14:37 Scout Tower
17:11 Arcane Tower
20:19 Arcane Sanctum
20:24 Scout Tower
20:27 Scout Tower
20:59 Arcane Tower
21:26 Scout Tower
21:54 Arcane Tower
24:21 Scout Tower
25:21 Arcane Tower
34:57 Scout Tower
34:59 Scout Tower
35:01 Scout Tower
36:57 Guard Tower
38:24 Scout Tower
40:18 Guard Tower
47:52 Altar of Kings
47:56 Farm
47:58 Farm
48:01 Farm
48:03 Farm
48:06 Keep
48:11 Farm
48:14 Farm
48:33 Lumber Mill
48:37 Scout Tower
48:39 Scout Tower
49:17 Arcane Tower
54:07 Gryphon Aviary
54:09 Gryphon Aviary
56:55 Altar of Kings
56:58 Altar of Kings
59:59 Lumber Mill
60:11 Scout Tower
60:23 Scout Tower
60:30 Scout Tower
60:32 Scout Tower
61:00 Scout Tower
61:04 Guard Tower
61:20 Guard Tower
61:23 Scout Tower
61:26 Scout Tower
61:29 Guard Tower
61:55 Arcane Tower
61:56 Guard Tower
61:58 Scout Tower
62:00 Scout Tower
62:24 Scout Tower
62:26 Arcane Tower
62:29 Arcane Tower
62:32 Scout Tower
63:58 Guard Tower
72:28 Farm
78:55 Farm
» items
                
                | Boots of Speed | 3 |  | 
| Staff of Teleportation | 3 |  | 
| Healing Salve | 2 |  | 
| Orb of Lightning | 2 |  | 
| Tiny Great Hall | 1 |  | 
| Scroll of Regeneration | 2 |  | 
| Scroll of Town Portal | 2 |  | 
| Staff of Sanctuary | 1 |  | 
                16 total
  
               
              
              
MrFrosty (
teal | 88 APM | 9358 actions | 105:55)
              
 6 Archmage 
 3 Blizzard
 2 Brilliance Aura
 1 Mass Teleport
 7 Mountain King 
 3 Storm Bolt
 3 Thunder Clap
 1 Avatar
 7 Paladin 
 3 Holy Light
 3 Divine Shield
 1 Devotion Aura
 
                » actions 
                
                | Assign group hotkey | 42 |  | 
| Basic commands | 238 |  | 
| Build / train | 134 |  | 
| Enter build submenu | 48 |  | 
| Enter hero's abilities submenu | 21 |  | 
| Give item / drop item | 11 |  | 
| Remove unit from queue | 1 |  | 
| Right click | 4581 |  | 
| Select / deselect | 1679 |  | 
| Select group hotkey | 1969 |  | 
| Use ability | 634 |  | 
                9358 total
 » units 
                
                | Peasant | 16 |  | 
| Priest | 9 |  | 
| Sorceress | 6 |  | 
| Blue Dragon | 9 |  | 
                40 total
 » upgrades
                
                | Masonry | 3 |  | 
| Lumber Harvesting | 2 |  | 
| Magic Sentry | 1 |  | 
| Sorceress Training | 2 |  | 
| Priest Training | 2 |  | 
| Backpack | 1 |  | 
                11 total
 » buildings
                
                | Altar of Kings | 2 |  | 
| Farm | 20 |  | 
| Scout Tower | 56 |  | 
| Lumber Mill | 1 |  | 
| Arcane Tower | 10 |  | 
| Guard Tower | 25 |  | 
| Keep | 1 |  | 
| Arcane Sanctum | 2 |  | 
| Castle | 1 |  | 
| Town Hall | 1 |  | 
| Arcane Vault | 1 |  | 
                120 total
 » build order
                00:09 Altar of Kings
00:21 Farm
00:44 Scout Tower
00:58 Lumber Mill
01:13 Arcane Tower
01:33 Farm
01:50 Scout Tower
02:19 Scout Tower
02:35 Guard Tower
02:45 Scout Tower
03:01 Guard Tower
03:54 Scout Tower
03:56 Arcane Tower
03:58 Scout Tower
03:59 Scout Tower
04:29 Arcane Tower
04:30 Keep
04:35 Guard Tower
04:50 Scout Tower
04:57 Arcane Tower
04:58 Farm
05:47 Guard Tower
05:50 Scout Tower
05:57 Farm
06:22 Guard Tower
06:27 Scout Tower
06:42 Scout Tower
06:55 Arcane Sanctum
06:59 Farm
07:34 Arcane Tower
07:36 Guard Tower
07:37 Scout Tower
07:38 Scout Tower
07:40 Scout Tower
08:10 Guard Tower
08:46 Scout Tower
08:46 Scout Tower
08:47 Scout Tower
08:47 Scout Tower
08:49 Scout Tower
08:50 Scout Tower
08:51 Scout Tower
08:51 Scout Tower
08:54 Castle
09:25 Guard Tower
09:43 Arcane Tower
09:45 Guard Tower
09:48 Guard Tower
10:15 Guard Tower
10:52 Town Hall
11:22 Scout Tower
11:23 Scout Tower
11:24 Scout Tower
12:06 Guard Tower
12:09 Scout Tower
12:10 Scout Tower
12:10 Scout Tower
12:13 Scout Tower
12:13 Scout Tower
12:31 Arcane Tower
12:59 Arcane Vault
13:37 Guard Tower
14:58 Guard Tower
16:26 Guard Tower
16:30 Scout Tower
16:32 Scout Tower
16:33 Scout Tower
16:34 Scout Tower
16:34 Scout Tower
16:59 Guard Tower
18:01 Guard Tower
18:32 Arcane Tower
19:46 Guard Tower
20:00 Scout Tower
20:03 Scout Tower
20:04 Scout Tower
20:05 Scout Tower
20:05 Scout Tower
20:07 Scout Tower
20:09 Scout Tower
20:10 Scout Tower
20:13 Scout Tower
20:14 Scout Tower
21:09 Guard Tower
21:15 Scout Tower
21:15 Scout Tower
21:18 Scout Tower
21:19 Scout Tower
21:19 Scout Tower
21:22 Scout Tower
21:22 Scout Tower
21:23 Scout Tower
21:23 Scout Tower
21:54 Guard Tower
21:58 Arcane Tower
21:59 Guard Tower
22:49 Guard Tower
24:40 Arcane Tower
24:41 Guard Tower
24:45 Guard Tower
29:26 Scout Tower
29:27 Scout Tower
31:24 Guard Tower
44:06 Arcane Sanctum
44:12 Farm
44:13 Farm
44:14 Farm
44:15 Farm
44:17 Farm
45:03 Farm
45:04 Farm
45:04 Farm
45:05 Farm
45:10 Farm
45:11 Farm
45:50 Farm
46:42 Farm
46:43 Farm
47:20 Farm
49:14 Altar of Kings
» items
                
                | Healing Salve | 2 |  | 
| Scroll of Speed | 1 |  | 
| Boots of Speed | 3 |  | 
| Staff of Teleportation | 3 |  | 
| Periapt of Vitality | 2 |  | 
| Circlet of Nobility | 1 |  | 
| Orb of Lightning | 3 |  | 
| Staff of Sanctuary | 3 |  | 
| Scroll of Town Portal | 2 |  | 
| Scroll of Regeneration | 1 |  | 
| Potion of Healing | 1 |  | 
                22 total
  
               team 2 (loser) 
              
              
F_ing_U (
blue | 112 APM | 11838 actions | 105:52)
              
 6 Blood Mage 
 3 Flame Strike
 2 Siphon Mana
 1 Summon Phoenix
 5 Mountain King 
 3 Storm Bolt
 2 Bash
 4 Archmage 
 2 Blizzard
 2 Brilliance Aura
 1 Lich 
 1 Frost Nova
 
                » actions 
                
                | Assign group hotkey | 144 |  | 
| Basic commands | 375 |  | 
| Build / train | 179 |  | 
| ESC pressed | 10 |  | 
| Enter build submenu | 90 |  | 
| Enter hero's abilities submenu | 16 |  | 
| Give item / drop item | 6 |  | 
| Right click | 4195 |  | 
| Select / deselect | 2920 |  | 
| Select group hotkey | 3553 |  | 
| Use ability | 349 |  | 
                11838 total
 » units 
                
                | Peasant | 22 |  | 
| Mortar Team | 12 |  | 
| Flying Machine | 1 |  | 
| Siege Engine | 5 |  | 
| Goblin Zeppelin | 9 |  | 
| Dragonhawk Rider | 3 |  | 
| Blue Dragon | 1 |  | 
                53 total
 » upgrades
                
                | Masonry | 3 |  | 
| Flare | 1 |  | 
| Lumber Harvesting | 2 |  | 
| Fragmentation Shards | 1 |  | 
| Cloud | 1 |  | 
| Storm Hammers | 1 |  | 
| Gunpowder | 3 |  | 
| Armor | 3 |  | 
| Barrage | 1 |  | 
| Flak Cannons | 1 |  | 
| Plating | 3 |  | 
| Backpack | 1 |  | 
| Magic Sentry | 1 |  | 
| Swords | 3 |  | 
| Flying Machine Bombs | 1 |  | 
| Sorceress Training | 1 |  | 
| Priest Training | 1 |  | 
| Control Magic | 1 |  | 
                29 total
 » buildings
                
                | Farm | 13 |  | 
| Altar of Kings | 1 |  | 
| Lumber Mill | 1 |  | 
| Scout Tower | 49 |  | 
| Arcane Tower | 1 |  | 
| Blacksmith | 2 |  | 
| Keep | 1 |  | 
| Guard Tower | 31 |  | 
| Arcane Vault | 3 |  | 
| Castle | 2 |  | 
| Town Hall | 2 |  | 
| Workshop | 7 |  | 
| Gryphon Aviary | 7 |  | 
| Arcane Sanctum | 1 |  | 
                121 total
 » build order
                00:13 Farm
00:15 Altar of Kings
00:49 Farm
00:50 Farm
01:36 Lumber Mill
01:39 Farm
01:42 Scout Tower
02:11 Arcane Tower
02:38 Blacksmith
02:40 Scout Tower
03:00 Scout Tower
03:51 Keep
04:30 Guard Tower
04:31 Guard Tower
04:45 Arcane Vault
05:10 Farm
05:44 Scout Tower
05:46 Scout Tower
06:12 Castle
06:12 Castle
06:32 Guard Tower
06:36 Town Hall
06:38 Scout Tower
06:40 Scout Tower
06:42 Scout Tower
06:44 Scout Tower
06:55 Workshop
06:57 Workshop
07:19 Gryphon Aviary
07:21 Guard Tower
07:23 Guard Tower
07:56 Guard Tower
08:15 Farm
08:17 Guard Tower
09:46 Town Hall
09:49 Scout Tower
09:49 Scout Tower
09:51 Scout Tower
09:53 Scout Tower
10:18 Scout Tower
10:19 Scout Tower
10:25 Scout Tower
10:50 Guard Tower
11:02 Gryphon Aviary
11:25 Guard Tower
12:03 Guard Tower
12:09 Scout Tower
12:14 Scout Tower
12:38 Scout Tower
12:42 Scout Tower
12:48 Guard Tower
12:50 Scout Tower
12:59 Scout Tower
13:00 Scout Tower
13:26 Workshop
13:37 Guard Tower
13:46 Guard Tower
13:48 Guard Tower
13:53 Workshop
13:55 Workshop
14:12 Gryphon Aviary
14:14 Gryphon Aviary
14:33 Gryphon Aviary
14:55 Workshop
14:58 Gryphon Aviary
15:00 Gryphon Aviary
15:25 Farm
15:26 Farm
15:27 Farm
15:51 Blacksmith
16:01 Guard Tower
16:10 Workshop
18:35 Farm
20:15 Farm
20:17 Farm
30:31 Scout Tower
30:31 Scout Tower
30:32 Scout Tower
30:33 Scout Tower
31:00 Guard Tower
31:13 Scout Tower
31:29 Scout Tower
31:30 Scout Tower
31:31 Scout Tower
31:47 Scout Tower
31:59 Guard Tower
32:01 Scout Tower
32:02 Scout Tower
32:03 Scout Tower
32:05 Guard Tower
32:29 Guard Tower
32:32 Guard Tower
32:50 Farm
34:58 Scout Tower
34:59 Scout Tower
35:00 Scout Tower
35:01 Scout Tower
35:03 Arcane Sanctum
35:31 Guard Tower
36:01 Guard Tower
36:03 Scout Tower
36:04 Scout Tower
36:45 Guard Tower
41:42 Arcane Vault
43:12 Arcane Vault
43:13 Scout Tower
43:14 Scout Tower
43:15 Scout Tower
43:56 Guard Tower
44:19 Scout Tower
44:21 Scout Tower
44:22 Scout Tower
44:22 Scout Tower
44:26 Scout Tower
44:50 Guard Tower
44:51 Guard Tower
44:51 Guard Tower
44:52 Guard Tower
44:53 Guard Tower
44:53 Guard Tower
58:05 Guard Tower
» items
                
                | Scroll of Regeneration | 7 |  | 
| Ivory Tower | 15 |  | 
| Potion of Healing | 6 |  | 
| Scroll of Town Portal | 4 |  | 
| Orb of Fire | 1 |  | 
| Lesser Clarity Potion | 1 |  | 
                34 total
  
               
              
              
GrandpaPatrol (
yellow | 60 APM | 6406 actions | 105:55)
              
 7 Tauren Chieftain 
 3 Shockwave
 3 Endurance Aura
 1 Reincarnation
 4 Shadow Hunter 
 2 Hex
 2 Healing Wave
 3 Firelord 
 2 Soul Burn
 1 Incinerate
 
                » actions 
                
                | Assign group hotkey | 49 |  | 
| Basic commands | 102 |  | 
| Build / train | 108 |  | 
| ESC pressed | 2 |  | 
| Enter build submenu | 45 |  | 
| Enter hero's abilities submenu | 16 |  | 
| Give item / drop item | 8 |  | 
| Right click | 4013 |  | 
| Select / deselect | 551 |  | 
| Select group hotkey | 1182 |  | 
| Use ability | 330 |  | 
                6406 total
 » units 
                
                | Peon | 20 |  | 
| Grunt | 5 |  | 
| Blue Dragon Whelp | 2 |  | 
| Blue Drake | 1 |  | 
| Tauren | 5 |  | 
| Shaman | 6 |  | 
| Troll Witch Doctor | 12 |  | 
| Troll Batrider | 5 |  | 
                56 total
 » upgrades
                
                | Melee Weapons | 3 |  | 
| Berserker Strength | 1 |  | 
| Armor | 2 |  | 
| Reinforced Defenses | 1 |  | 
| Shaman Training | 2 |  | 
| Pulverize | 1 |  | 
| Witch Doctor Training | 2 |  | 
                12 total
 » buildings
                
                | Altar of Storms | 1 |  | 
| Orc Burrow | 9 |  | 
| Barracks | 1 |  | 
| War Mill | 1 |  | 
| Watch Tower | 22 |  | 
| Voodoo Lounge | 1 |  | 
| Stronghold | 1 |  | 
| Great Hall | 1 |  | 
| Fortress | 1 |  | 
| Tauren Totem | 2 |  | 
| Spirit Lodge | 1 |  | 
| Beastiary | 2 |  | 
                43 total
 » build order
                00:10 Altar of Storms
00:22 Orc Burrow
00:37 Barracks
01:32 Orc Burrow
02:08 War Mill
03:23 Watch Tower
03:36 Watch Tower
03:49 Voodoo Lounge
04:36 Stronghold
07:09 Orc Burrow
07:27 Great Hall
07:37 Watch Tower
07:39 Watch Tower
07:53 Orc Burrow
08:46 Watch Tower
09:51 Watch Tower
09:55 Watch Tower
11:03 Watch Tower
11:35 Fortress
11:38 Watch Tower
11:40 Watch Tower
11:51 Orc Burrow
12:19 Watch Tower
12:33 Watch Tower
12:54 Watch Tower
13:47 Watch Tower
14:02 Tauren Totem
14:07 Spirit Lodge
14:26 Tauren Totem
15:37 Watch Tower
15:58 Orc Burrow
18:21 Orc Burrow
19:14 Orc Burrow
19:17 Orc Burrow
46:35 Watch Tower
46:36 Watch Tower
46:37 Watch Tower
46:38 Watch Tower
46:42 Watch Tower
46:43 Watch Tower
46:44 Watch Tower
56:58 Beastiary
57:00 Beastiary
» items
                
                | Healing Salve | 2 |  | 
| Lesser Clarity Potion | 3 |  | 
| Scroll of Speed | 1 |  | 
| Dust of Appearance | 1 |  | 
| Scroll of Healing | 3 |  | 
| Scroll of Protection | 2 |  | 
| Potion of Lesser Invulnerability | 2 |  | 
| Scroll of Town Portal | 1 |  | 
| Boots of Speed | 2 |  | 
| Potion of Mana | 1 |  | 
| Potion of Healing | 1 |  | 
| Orb of Lightning | 1 |  | 
                20 total
  
               
              
              
Pinnacle (
red | 47 APM | 3513 actions | 74:09)
              
 4 Lich 
 2 Frost Nova
 1 Dark Ritual
 1 Frost Armor
 5 Death Knight 
 2 Death Coil
 2 Unholy Aura
 1 Death Pact
 
                » actions 
                
                | Assign group hotkey | 41 |  | 
| Basic commands | 9 |  | 
| Build / train | 94 |  | 
| Enter build submenu | 26 |  | 
| Enter hero's abilities submenu | 9 |  | 
| Give item / drop item | 6 |  | 
| Right click | 1375 |  | 
| Select / deselect | 418 |  | 
| Select group hotkey | 1389 |  | 
| Use ability | 146 |  | 
                3513 total
 » units 
                
                | Acolyte | 16 |  | 
| Ghoul | 4 |  | 
| Crypt Fiend | 7 |  | 
| Goblin Shredder | 1 |  | 
| Blue Drake | 3 |  | 
| Frost Wyrm | 5 |  | 
| Blue Dragon | 7 |  | 
| Obsidian Statue | 4 |  | 
                47 total
 » upgrades
                
                | Creature Carapace | 3 |  | 
| Creature Attack | 3 |  | 
| Web | 1 |  | 
| Freezing Breath | 1 |  | 
| Destroyer Form | 1 |  | 
                9 total
 » buildings
                
                | Graveyard | 1 |  | 
| Crypt | 1 |  | 
| Altar of Darkness | 1 |  | 
| Ziggurat | 13 |  | 
| Tomb of Relics | 2 |  | 
| Nerubian Tower | 1 |  | 
| Halls of the Dead | 1 |  | 
| Spirit Tower | 10 |  | 
| Black Citadel | 1 |  | 
| Sacrificial Pit | 1 |  | 
| Boneyard | 1 |  | 
| Slaughterhouse | 1 |  | 
| Necropolis | 2 |  | 
                36 total
 » build order
                00:15 Graveyard
00:25 Crypt
00:43 Altar of Darkness
01:03 Ziggurat
01:32 Tomb of Relics
02:08 Nerubian Tower
02:15 Ziggurat
02:56 Ziggurat
04:08 Halls of the Dead
05:21 Spirit Tower
06:09 Spirit Tower
06:49 Black Citadel
07:30 Sacrificial Pit
07:44 Ziggurat
09:25 Boneyard
10:20 Slaughterhouse
11:33 Ziggurat
11:35 Ziggurat
11:39 Ziggurat
12:51 Spirit Tower
12:54 Spirit Tower
14:06 Ziggurat
15:17 Spirit Tower
17:33 Ziggurat
18:47 Spirit Tower
19:35 Necropolis
19:40 Ziggurat
19:42 Ziggurat
19:47 Ziggurat
19:52 Ziggurat
20:50 Spirit Tower
20:53 Spirit Tower
20:55 Spirit Tower
20:59 Spirit Tower
38:23 Necropolis
38:30 Tomb of Relics
» items
                
                | Dust of Appearance | 2 |  | 
| Rod of Necromancy | 2 |  | 
| Orb of Corruption | 2 |  | 
| Scroll of Town Portal | 5 |  | 
| Potion of Healing | 2 |  | 
                13 total
  
                Chat log
          (00:17 / Allies) MrFrosty: yah
(00:18 / Allies) bia-bia-bia: ?
(00:20 / Allies) bia-bia-bia: ok
(00:26 / Allies) MrFrosty: yah
(00:30 / Allies) bia-bia-bia: me
(00:49 / Allies) bia-bia-bia: gob that chick is nasty
(00:56 / Allies) bia-bia-bia: I dont know why
(00:59 / Allies) bia-bia-bia: but I find her repulsive
(01:16 / Allies) MrFrosty: lol
(01:22 / Allies) MrFrosty: that might be why?
(01:25 / Allies) bia-bia-bia: why
(01:34 / Allies) MrFrosty: ok
(02:36 / Allies) bia-bia-bia: gg
(05:22 / Allies) bia-bia-bia: boots
(07:26 / Allies) bia-bia-bia: you should make more towers
(08:00 / Allies) MrFrosty: im about to creep this bia
(08:04 / Allies) MrFrosty: dont let it die to towers plz
(08:48 / Allies) ball_sweets: boots please bia
(15:03 / Allies) bia-bia-bia: use bats...
(15:16 / Allies) bia-bia-bia: i'll cloud
(15:48 / Allies) bia-bia-bia: hit the far end towers
(15:55 / Allies) MrFrosty: you wont kill any towers
(16:00 / Allies) MrFrosty: uhhhhh
(22:22 / Allies) bia-bia-bia: what
(22:32 / Allies) bia-bia-bia: lets kill that
(29:12 / Allies) MrFrosty: love that staff shield shit
(29:30 / Allies) bia-bia-bia: if we chop the trees to there
(29:35 / Allies) bia-bia-bia: can we rain on that mine
(29:50 / Allies) MrFrosty: i think from there is closest
(30:30 / Allies) bia-bia-bia: yeah
(32:20 / Allies) bia-bia-bia: wont hit
(32:25 / Allies) MrFrosty: that point there might
(36:05 / Allies) bia-bia-bia: want to bat red expo?
(37:10 / Allies) bia-bia-bia: my hawk
(37:26 / Allies) bia-bia-bia: fucking stupidass am
(37:33 / Allies) bia-bia-bia: ok go
(38:02 / Allies) bia-bia-bia: i'd run
(40:47 / Allies) MrFrosty: ughhhh
(40:55 / Allies) MrFrosty: not a cool misclick
(41:22 / Allies) MrFrosty: you will really need staves bia
(41:27 / Allies) bia-bia-bia: yeah
(41:31 / Allies) bia-bia-bia: i bought one...i'll get more
(42:33 / Allies) MrFrosty: wonder how much they have banked
(44:03 / Allies) bia-bia-bia: howd they get up there
(44:46 / Allies) bia-bia-bia: where do we fight
(47:46 / Allies) bia-bia-bia: yee haw
(48:26 / Allies) bia-bia-bia: god thats so much shit
(49:31 / All) bia-bia-bia: sup dudez
(49:58 / Allies) MrFrosty: get it off bia
(50:02 / Allies) MrFrosty: ill be in ukeep soon
(50:13 / Allies) bia-bia-bia: yeah
(50:32 / Allies) ball_sweets: gold for burrows please
(50:37 / Allies) bia-bia-bia: so they had 4 and we had 2?
(50:56 / Allies) MrFrosty: dragons yeah
(50:58 / Allies) MrFrosty: or what
(51:02 / Allies) bia-bia-bia: gold mines
(51:08 / Allies) MrFrosty: oh that too
(51:21 / Allies) bia-bia-bia: should I buy dragons too
(51:26 / Allies) MrFrosty: noope
(51:29 / Allies) MrFrosty: ill take care of them
(51:30 / Allies) bia-bia-bia: f2u
(51:57 / Allies) MrFrosty: 4 dragonz soon
(52:13 / All) F_ing_U: rdy for round 2?
(52:16 / Allies) MrFrosty: ive got it gob
(52:17 / Allies) MrFrosty: go back
(52:19 / All) bia-bia-bia: sho nuff
(52:22 / All) F_ing_U: tko
(52:30 / All) bia-bia-bia: glhf
(53:13 / Allies) MrFrosty: 3 dragons of balance
(53:21 / Allies) bia-bia-bia: ah
(53:23 / Allies) bia-bia-bia: cloud
(53:27 / Allies) bia-bia-bia: shit
(53:51 / Allies) MrFrosty: feed gob for bats
(53:55 / Allies) MrFrosty: tier 2 and bats
(54:02 / Allies) MrFrosty: yes
(54:04 / Allies) MrFrosty: and pump hawks ofc
(54:15 / Allies) bia-bia-bia: they killed my roosts
(54:40 / Allies) bia-bia-bia: should build that near the towrs
(55:14 / Allies) bia-bia-bia: gotta pee
(57:56 / Allies) bia-bia-bia: buy potions
(59:20 / All) bia-bia-bia: tko
(59:33 / All) F_ing_U: not yet
(59:51 / Allies) MrFrosty: bia tower up
(59:55 / Allies) bia-bia-bia: ok
(60:07 / Allies) MrFrosty: those dragons take so long to heal up
(60:45 / Allies) bia-bia-bia: gg
(60:50 / Allies) MrFrosty: hardly
(60:53 / Allies) bia-bia-bia: g
(60:53 / Allies) bia-bia-bia: g
(61:02 / Allies) ball_sweets: gold me for bats
(62:46 / Allies) bia-bia-bia: urinating
(62:46 / Allies) bia-bia-bia: brb
(64:40 / Allies) bia-bia-bia: dicks also fuck assholes, chuck
(65:16 / All) ball_sweets: tko
(65:18 / All) ball_sweets: bam
(65:22 / All) MrFrosty: once more into the breach
(65:59 / All) bia-bia-bia: the war between orcs and men
(66:07 / All) bia-bia-bia: the battle
(66:10 / All) bia-bia-bia: of buttesdeep
(66:32 / Allies) bia-bia-bia: haha
(66:39 / All) bia-bia-bia: tkos
(66:54 / Allies) MrFrosty: dragons so imba
(67:04 / Allies) bia-bia-bia: one nub to rule them all
(68:16 / Allies) bia-bia-bia: distance mining like hell
(69:01 / Allies) bia-bia-bia: professional
(69:05 / Allies) bia-bia-bia: oshi
(69:12 / All) bia-bia-bia: haha
(70:20 / Allies) MrFrosty: hey
(70:21 / Allies) MrFrosty: gold me
(70:23 / Allies) MrFrosty: 600
(70:36 / Allies) MrFrosty: i already factored that in
(70:46 / Allies) bia-bia-bia: factor in
(70:48 / Allies) bia-bia-bia: da p3n0r
(70:56 / Allies) MrFrosty: i cant its in your mouth
(70:59 / Allies) bia-bia-bia: f
(71:01 / Allies) bia-bia-bia: u
(71:17 / Allies) bia-bia-bia: haha
(71:33 / Allies) bia-bia-bia: distance mining
(71:43 / Allies) bia-bia-bia: whoo
(73:39 / Allies) bia-bia-bia: frosty
(73:43 / Allies) bia-bia-bia: you are the wind beneath my wings
(73:53 / All) ball_sweets: hope you didn't want that gold
(74:12 / All) ball_sweets: 2ez
(74:12 / All) ball_sweets: nubs
(74:16 / All) ball_sweets: tko
(74:26 / All) MrFrosty: booyah
(74:27 / All) F_ing_U: he has a life
(74:32 / All) F_ing_U: since we have no life
(74:34 / All) F_ing_U: we'll stay
(74:39 / All) bia-bia-bia: yes
(74:48 / All) bia-bia-bia: most people who play warcraft 3 have intense social lives
(75:23 / Allies) bia-bia-bia: nice kitty
(75:25 / All) MrFrosty: i bet thats real annoying
(75:29 / All) F_ing_U: na
(75:31 / All) F_ing_U: just a game
(76:04 / All) bia-bia-bia: woops
(78:43 / Allies) bia-bia-bia: noob allies
(78:54 / Allies) MrFrosty: ps i have won this game for you dumb goons
(79:00 / Allies) bia-bia-bia: yeh
(79:03 / Allies) bia-bia-bia: well done
(79:05 / Allies) MrFrosty: np goons
(79:35 / Allies) bia-bia-bia: hahahahahah
(81:02 / Allies) bia-bia-bia: gg
(84:01 / Allies) bia-bia-bia: gimme yo fr00t
(84:02 / Allies) bia-bia-bia: c0ctail
(84:19 / All) ball_sweets: we didn't want this mine to tempt you
(84:27 / Allies) bia-bia-bia: haha
(84:36 / Allies) bia-bia-bia: haha
(84:46 / Allies) bia-bia-bia: ahahaha
(85:34 / All) bia-bia-bia: RIDeRS OF ROHAN
(88:43 / Allies) bia-bia-bia: gg
(89:28 / Allies) MrFrosty: shit isnt listening
(89:34 / Allies) MrFrosty: that was awesome
(89:44 / Allies) MrFrosty: gggggggggggggggggggggggggggggg
(89:48 / Allies) MrFrosty: gold me again
(89:54 / Allies) MrFrosty: everything plz
(91:32 / Allies) MrFrosty: good news is sh is out of the game
(91:39 / Allies) MrFrosty: buttttt that wont help all that much
(92:20 / All) ball_sweets: TKO
(92:21 / All) ball_sweets: pow
(92:24 / All) ball_sweets: knock u out
(92:28 / All) F_ing_U: when
(92:31 / All) ball_sweets: tomorrow
(92:41 / All) ball_sweets: I get home from work about 4pm you wait ok?
(92:52 / All) F_ing_U: i have another comp to play with
(92:57 / All) F_ing_U: can wait 15 years
(93:07 / All) ball_sweets: cool
(93:20 / All) ball_sweets: record towering game is 17 hours but I think we can beat that
(93:29 / All) ball_sweets: 17 years would be a good record
(93:30 / All) F_ing_U: me 53 hrs
(93:33 / All) MrFrosty: 15 years is defintely more than 17 hours
(93:40 / Allies) MrFrosty: 100 gold gob
(95:21 / Allies) bia-bia-bia: how big is their army
(98:33 / Allies) bia-bia-bia: thats a lot of workshops
(99:54 / Allies) bia-bia-bia: holy crap
(100:12 / Allies) bia-bia-bia: nigerian is fast
(100:19 / Allies) bia-bia-bia: like a kenyan runner
(100:47 / Allies) MrFrosty: 100 more
(101:00 / All) ball_sweets: TKO
(101:06 / All) ball_sweets: blam u knocked out son
(102:13 / All) ball_sweets: hey are you guys new players?
(102:20 / All) F_ing_U: yes
(102:30 / All) ball_sweets: its okay we were all new once
(102:31 / All) bia-bia-bia: cool so are we
(102:45 / All) MrFrosty: ps this isnt the first and wont be the last time you have lost to us
(103:07 / All) F_ing_U: cool
(103:09 / All) F_ing_U: see u then
(103:14 / All) MrFrosty: c u
(103:17 / All) ball_sweets: thanks for the free win
(103:28 / All) MrFrosty: ps you lost because you didnt have enough workshops or avaries
(103:41 / All) F_ing_U: 2 more?
(103:47 / All) MrFrosty: atleast 5 more
(103:47 / All) ball_sweets: 12 is the magic number
(103:51 / All) F_ing_U: ok
(104:04 / All) F_ing_U: next time
(104:06 / All) MrFrosty: need to be able to use all of the gold on the map at once
(105:07 / All) MrFrosty: a veteran of countless battles, granis darkhammer does not stop to rest even now
(105:20 / All) GrandpaPatrol: haha, nerd